 Dungeon Crawl Stone Soup version 0.31-a0-799-g6bc09d010c (webtiles) character file.

Game seed: 10685328315544200823

91709 wildpjah the Severer (level 15, -1/149 HPs)
             Began as a Minotaur Fighter on Sept 19, 2023.
             Was the Champion of Qazlal.
             Slain by a +4 flail of protection (14 damage)
             ... on level 2 of the Elven Halls on Sept 20, 2023.
             The game lasted 01:27:44 (20496 turns).

wildpjah the Severer (Minotaur Fighter)            Turns: 20496, Time: 01:27:44

Health: -1/149     AC: 25    Str: 24    XL:     15   Next: 55%
Magic:  0/16       EV: 14    Int:  5    God:    Qazlal [******]
Gold:   1604       SH: 29    Dex: 20    Spells: 14/14 levels left

rFire   . . .        k - +2 war axe (freeze)
rCold   . . .        G - +0 tower shield
rNeg    + + .        B - +1 plate armour of the Blizzard {-Tele Rampage rN++ Stlth+}
rPois   +            (helmet unavailable)
rElec   .            F - +2 cloak {rPois}
rCorr   .            g - +0 pair of gloves
SInv    .            s - +1 pair of boots
Will    +....        m - amulet of guardian spirit Stlth
                     H - +6 ring of dexterity
HPRegen 0.44/turn    q - +5 ring of evasion
MPRegen 0.15/turn

%: no teleportation, repel missiles, guardian spirit, rampage
@: mighty, silenced, protected from fire
A: horns 3, retaliatory headbutt, poison resistance, screaming 1, heat
vulnerability 1
a: Renounce Religion


You were on level 2 of the Elven Halls.
You worshipped Qazlal.
Qazlal was exalted by your worship.
You visited 6 branches of the dungeon, and saw 23 of its levels.

You collected 2107 gold pieces.
You spent 503 gold pieces at shops.

Inventory:

Hand Weapons
 k - a +2 war axe of freezing (weapon)
 z - the +2 flail of the Endless Expanse {holy, Drain rElec rF+ rCorr}
   (You found it on level 5 of the Lair of Beasts)

   rF+:       It protects you from fire.
   rElec:     It insulates you from electricity.
   rCorr:     It protects you from acid and corrosion.
   Drain:     It drains your maximum health when unequipped.
 J - a +2 hand axe of electrocution
 K - a +0 antimagic war axe
 M - a +5 dire flail
 W - a +6 war axe
Missiles
 n - 23 boomerangs (quivered)
Armour
 g - a +0 pair of gloves (worn)
 s - a +1 pair of boots (worn)
 B - the +1 plate armour of the Blizzard (worn) {-Tele Rampage rN++ Stlth+}
   (You bought it in a shop on level 4 of the Dungeon)

   rN++:      It greatly protects you from negative energy.
   -Tele:     It prevents most forms of teleportation.
   Rampage:   It bestows one free step when moving towards enemies.
   Stlth+:    It makes you more stealthy.
 E - +0 steam dragon scales
 F - a +2 cloak of poison resistance (worn)
 G - a +0 tower shield (worn)
 N - an orb of wrath
Jewellery
 b - a ring of positive energy
 f - a ring of willpower
 m - an amulet of guardian spirit (around neck)
 q - a +5 ring of evasion (right hand)
 D - a ring of positive energy
 H - a +6 ring of dexterity (left hand)
 R - a ring of flight
 U - a ring of wizardry
 V - a ring of fire
 Y - a ring of protection from cold
Wands
 a - a wand of digging (8)
 y - a wand of mindburst (9)
 C - a wand of flame (4)
 I - a wand of polymorph (28)
 P - a wand of roots (34)
 X - a wand of charming (1)
Scrolls
 c - a scroll of enchant armour
 i - 2 scrolls of revelation
 p - 4 scrolls of fear
 r - 2 scrolls of butterflies
 t - 9 scrolls of teleportation
 u - a scroll of poison
 v - 3 scrolls of blinking
 x - 13 scrolls of identify
 A - a scroll of enchant weapon
 L - a scroll of fog
 S - a scroll of noise {unknown}
 T - a scroll of vulnerability
Potions
 d - 5 potions of might
 e - 2 potions of haste
 h - 2 potions of mutation
 j - 2 potions of enlightenment
 l - 7 potions of curing
 o - a potion of invisibility
 O - a potion of resistance
 Q - a potion of cancellation
Miscellaneous
 Z - a condenser vane


   Skills:
 + Level 18.3 Fighting
 + Level 19.2(19.5) Axes
 + Level 5.5(13.7) Maces & Flails
 + Level 3.1 Throwing
 + Level 13.7 Armour
 + Level 5.8 Dodging
 + Level 16.3 Shields
 + Level 2.9 Invocations
 + Level 1.9 Evocations


You had 14 spell levels left.
You didn't know any spells.
Your spell library contained the following spells:

 Spells                   Type           Power      Damage    Failure   Level
 Apportation              Tloc           0%         N/A       100%        1
 Necrotise                Necr           0%         1d4       100%        1
 Shock                    Conj/Air       0%         1d3       100%        1
 Slow                     Hex            0%         N/A       100%        1
 Summon Small Mammal      Summ           0%         N/A       100%        1
 Blink                    Tloc           0%         N/A       100%        2
 Cigotuvi's Dreadful Rot  Necr/Pois/Air  0%         N/A       100%        2
 Lesser Beckoning         Tloc           0%         N/A       100%        2
 Momentum Strike          Conj/Tloc      0%         3d8       100%        2
 Poisonous Vapours        Pois/Air       0%         N/A       100%        2
 Static Discharge         Conj/Air       0%         2-2/arc   100%        2
 Sublimation of Blood     Necr           0%         N/A       100%        2
 Wereblood                Tmut           0%         N/A       100%        2
 Confusing Touch          Hex            0%         N/A       100%        3
 Gell's Gravitas          Tloc           0%         N/A       100%        3
 Inner Flame              Hex/Fire       0%         N/A       100%        3
 Mephitic Cloud           Conj/Pois/Air  0%         N/A       100%        3
 Sigil of Binding         Hex            0%         N/A       100%        3
 Swiftness                Air            0%         N/A       100%        3
 Teleport Other           Tloc           0%         N/A       100%        3
 Vampiric Draining        Necr           0%         2d6       100%        3
 Airstrike                Air            0%         2d(0-16)  100%        4
 Anguish                  Hex/Necr       0%         N/A       100%        4
 Cause Fear               Hex            0%         N/A       100%        4
 Dispel Undead            Necr           0%         3d6       100%        4
 Manifold Assault         Tloc           0%         N/A       100%        4
 Summon Lightning Spire   Summ/Air       0%         N/A       100%        4
 Alistair's Intoxication  Tmut/Pois      0%         N/A       100%        5
 Yara's Violent Unravell  Hex/Tmut       0%         3d3       100%        5
 Dispersal                Tloc           0%         N/A       100%        6
 Eringya's Noxious Bog    Tmut/Pois      0%         4d6       100%        6
 Enfeeble                 Hex            0%         N/A       100%        7
 Summon Hydra             Summ           0%         N/A       100%        7
 Disjunction              Tloc           0%         N/A       100%        8


Dungeon Overview and Level Annotations

Branches:
Dungeon (12/15)            Temple (1/1) D:6            Lair (5/5) D:10
  Swamp (0/4) Lair:3       Spider (1/4) Lair:3        Slime (0/5) Lair:4
    Orc (2/2) D:12            Elf (2/3) Orc:2

Altars:
Ashenzari
Cheibriados
Dithmenos
Elyvilon
Fedhas
Gozag
Hepliaklqana
Kikubaaqudgha
Makhleb
Nemelex Xobeh
Okawaru
Qazlal
Ru
Sif Muna
Trog
Uskayaw
Vehumet
Wu Jian
Xom
Yredelemnul
Zin
The Shining One
Jiyva

Shops:
D:3 *   D:4 (([(   Orc:2 [**(


Innate Abilities, Weirdness & Mutations

You have a pair of large horns on your head.
You reflexively headbutt those who attack you in melee.
Your system is resistant to poisons. (rPois)
You occasionally shout uncontrollably at your foes.
You are vulnerable to heat. (rF-)


Message History

Qazlal accepts your kill.
You slash the deep elf zephyrmancer! You freeze the deep elf zephyrmancer.
The deep elf zephyrmancer is moderately wounded.
You barely miss the fire elemental. The fire elemental misses you.
You slice the deep elf zephyrmancer!! You freeze the deep elf zephyrmancer.
Your headbutt misses the deep elf zephyrmancer.
The deep elf zephyrmancer is almost dead.
You barely miss the fire elemental. x2
The deep elf zephyrmancer hits you with a +0 short sword.
* * * LOW HITPOINT WARNING * * *
You block the fire elemental's attack.
The fire elemental steams in the rain.
The fire elemental is engulfed in a thunderstorm.
You block the fire elemental's attack.
You miss the deep elf zephyrmancer.
Your headbutt misses the deep elf zephyrmancer.
The deep elf zephyrmancer is almost dead.
You slash the fire elemental! You freeze the fire elemental!
You destroy the fire elemental!
Qazlal accepts your kill.
You closely miss the fire elemental. The fire elemental misses you.
You block the deep elf zephyrmancer's attack.
You hit the deep elf zephyrmancer. You freeze the deep elf zephyrmancer.
You kill the deep elf zephyrmancer!
Qazlal accepts your kill.
You hit the deep elf pyromancer. You freeze the deep elf pyromancer.
You closely miss the fire elemental.
The fire elemental is engulfed in freezing vapours.
You destroy the fire elemental!
Qazlal accepts your kill.
You block the deep elf pyromancer's attack.
You slash the deep elf pyromancer! You freeze the deep elf pyromancer!
The deep elf pyromancer is severely wounded.
You hit the +4 flail of protection.
You block the +4 flail of protection's attack.
You block the deep elf pyromancer's attack.
You hit the deep elf pyromancer. You freeze the deep elf pyromancer.
The deep elf pyromancer is almost dead.
You barely miss the +4 flail of protection.
The +4 flail of protection hits you!
You die...

#. .# #. .....
.[.. # #.#.#
#.#.#
#............
#.#.#.#.#.#.#
#...........
#####.#○#.#°#.#.#
........○(e......
.....#°#@#.#.#.#
### #..).)......
##.#.#.#.#.#
...##### #####


You could see a deep elf pyromancer and a +4 flail of protection.

Vanquished Creatures
  Gastronok (Lair:1)
  2 broodmothers (Spider:1)
  A deep elf death mage (Elf:1)
  The ghost of ratmeat3 the Cleaver, a journeyman FoFi of Okawaru (D:11)
  An entropy weaver (Spider:1)
  Fannar (Lair:1)
  A ghost crab (Lair:3)
  5 hydras
  A jorogumo (Spider:1)
  A boulder beetle (D:11)
  4 two-headed ogres
  9 dancing weapons
  2 catoblepae (Lair:5)
  A demonic crawler (Spider:1)
  9 death yaks
  A deep troll shaman (Lair:5)
  2 tengu warriors (D:12)
  A deep elf knight (Elf:1)
  Amaemon (Lair:1)
  5 skeletal warriors (D:12)
  3 skysharks
  3 pharaoh ants
  2 orb spiders (Spider:1)
  Pikel (D:5)
  An orc knight (Orc:2)
  A necromancer (Elf:1)
  4 large abominations (Elf:1)
  6 deep elf pyromancers
  5 deep elf zephyrmancers
  6 wolf spiders (Spider:1)
  2 cyclopes
  Joseph (Lair:1)
  12 elephants (Lair:5)
  4 black mambas
  An orange demon (Lair:1)
  4 torpor snails
  A gargoyle (D:12)
  Maggie (D:7)
  10 cane toads
  An efreet (Spider:1)
  3 rime drakes
  6 komodo dragons
  3 meliai (Spider:1)
  4 trolls
  7 tarantellas (Spider:1)
  A hornet (D:9)
  2 polar bears (Lair:5)
  8 blink frogs (Lair:5)
  10 slime creatures
  3 culicivoras (Spider:1)
  13 jumping spiders
  2 air elementals
  A vampire (D:10)
  4 fire elementals
  3 wraiths
  2 wyverns
  3 basilisks
  4 steam dragons
  40 yaks
  A spectral cane toad (Lair:3)
  3 vampire mosquitoes (D:12)
  Menkaure (D:7)
  6 redbacks
  3 wargs
  An acid dragon (D:12)
  12 water moccasins
  A spectral blink frog (Lair:3)
  2 ice beasts (D:7)
  7 black bears
  36 orc warriors
  4 sky beasts
  9 ogres
  25 wolves
  13 centaurs
  2 phantoms
  5 kobold brigands
  A lemure (D:5)
  2 elf zombies (Elf:1)
  13 bullfrogs
  A gnoll sergeant (D:12)
  A scorpion (D:10)
  26 wights
  6 killer bees (D:9)
  6 howler monkeys
  3 hounds
  12 orc priests
  5 jellies
  2 sleepcaps
  Crazy Yiuf (D:5)
  A gnoll bouda (D:7)
  23 orc wizards
  5 iguanas
  15 gnolls
  7 adders
  A shadow imp (D:7)
  5 white imps
  2 worms
  2 dart slugs (D:4)
  83 orcs
  7 ball pythons
  5 bats
  6 endoplasms
  3 giant cockroaches
  8 goblins
  9 hobgoblins
  21 kobolds
  4 quokkas
  4 frilled lizards
  2 rats
661 creatures vanquished.

Notes
Turn   | Place    | Note
-------+----------+-------------------------------------------
     0 | D:1      | wildpjah the Minotaur Fighter began the quest for the Orb.
     0 | D:1      | Reached XP level 1. HP: 19/19 MP: 0/0
   357 | D:1      | Reached XP level 2. HP: 26/27 MP: 1/1
   913 | D:2      | Reached XP level 3. HP: 30/33 MP: 2/2
   957 | D:2      | Reached skill level 3 in Axes
  1126 | D:2      | Reached XP level 4. HP: 37/41 MP: 3/3
  1218 | D:2      | Found a shadowy altar of Dithmenos.
  1471 | D:3      | Found Docwyoq's Assorted Antiques.
  1565 | D:3      | Reached skill level 4 in Axes
  1619 | D:3      | Found a faded altar of an unknown god.
  1619 | D:3      | Noticed a hellwing
  1812 | D:3      | Reached XP level 5. HP: 47/47 MP: 4/4
  2175 | D:4      | Found Kequirr's Weapon Shop.
  2260 | D:4      | Found Jautiu Foam's Armour Shop.
  2271 | D:4      | Found a stormy altar of Qazlal.
  2280 | D:4      | Became a worshipper of Qazlal Stormbringer
  2416 | D:4      | Found Iwatziac's Antique Weapon Emporium.
  2582 | D:4      | Found Redo Cea's Weapon Boutique.
  2775 | D:5      | Entered Level 5 of the Dungeon
  2775 | D:5      | Noticed an ogre
  2778 | D:5      | Killed an ogre
  2779 | D:5      | Reached skill level 5 in Axes
  2779 | D:5      | Reached XP level 6. HP: 37/55 MP: 2/5
  2875 | D:5      | Reached skill level 5 in Fighting
  2879 | D:5      | Reached skill level 6 in Axes
  2946 | D:5      | Noticed Pikel
  2959 | D:5      | Killed Pikel
  2960 | D:5      | Reached skill level 7 in Axes
  2960 | D:5      | Reached skill level 5 in Armour
  2960 | D:5      | Reached skill level 1 in Dodging
  2960 | D:5      | Reached skill level 5 in Shields
  2960 | D:5      | Reached XP level 7. HP: 19/61 MP: 3/6
  3141 | D:5      | Reached * piety under Qazlal
  3142 | D:5      | Reached skill level 8 in Axes
  3142 | D:5      | Reached XP level 8. HP: 16/70 MP: 1/7
  3688 | D:5      | Reached skill level 9 in Axes
  3773 | D:5      | Found a runed translucent door.
  3792 | D:5      | Noticed Crazy Yiuf
  3797 | D:5      | Killed Crazy Yiuf
  4086 | D:6      | Found a bloodstained altar of Trog.
  4214 | D:6      | Found a staircase to the Ecumenical Temple.
  4248 | D:6      | Reached skill level 1 in Throwing
  4261 | Temple   | Entered the Ecumenical Temple
  4388 | D:6      | Reached ** piety under Qazlal
  4443 | D:6      | Reached XP level 9. HP: 74/78 MP: 8/8
  4444 | D:6      | Reached skill level 10 in Axes
  4952 | D:7      | Reached skill level 11 in Axes
  4986 | D:7      | Noticed a cyclops
  4988 | D:7      | Killed a cyclops
  4997 | D:7      | Noticed a troll
  5011 | D:7      | Killed a troll
  5012 | D:7      | Reached skill level 12 in Axes
  5026 | D:7      | Reached XP level 10. HP: 36/88 MP: 5/9
  5042 | D:7      | Reached *** piety under Qazlal
  5087 | D:7      | Reached skill level 1 in Evocations
  5201 | D:7      | Noticed Maggie
  5211 | D:7      | Killed Maggie
  5275 | D:7      | Noticed Menkaure
  5281 | D:7      | Killed Menkaure
  5282 | D:7      | Reached skill level 1 in Maces & Flails
  5969 | D:8      | Reached skill level 13 in Axes
  6252 | D:8      | Reached **** piety under Qazlal
  6938 | D:9      | Reached XP level 11. HP: 97/97 MP: 10/10
  7232 | D:9      | Noticed a deep elf pyromancer
  7247 | D:9      | Killed a deep elf pyromancer
  7334 | D:9      | Identified the ring "Meiric" {rCorr Str-5 Dex+6 SInv
                  | Stlth+}
  7489 | D:9      | Reached skill level 14 in Axes
  7494 | D:9      | Gained mutation: You are vulnerable to heat. (rF-) [potion
                  | of mutation]
  7494 | D:9      | Gained mutation: You have a pair of large horns on your
                  | head. [potion of mutation]
  7494 | D:9      | Gained mutation: You occasionally shout uncontrollably at
                  | your foes. [potion of mutation]
  7494 | D:9      | Gained mutation: Your system is resistant to poisons.
                  | (rPois) [potion of mutation]
  7571 | D:10     | Entered Level 10 of the Dungeon
  7588 | D:10     | Identified a scroll of acquirement
  7588 | D:10     | Acquired a manual of Fighting
  7602 | D:10     | Noticed a two-headed ogre
  7622 | D:10     | Killed a two-headed ogre
  7653 | D:10     | Reached skill level 10 in Fighting
  7753 | D:10     | Noticed a two-headed ogre
  7762 | D:10     | Killed a two-headed ogre
  7871 | D:10     | Found a staircase to the Lair.
  7971 | D:10     | Found a basalt altar of Yredelemnul.
  8208 | D:10     | Found a sacrificial altar of Ru.
  8301 | D:11     | Noticed a two-headed ogre
  8309 | D:11     | Killed a two-headed ogre
  8367 | Lair:1   | Entered Level 1 of the Lair of Beasts
  8420 | Lair:1   | Noticed Gastronok
  8440 | Lair:1   | Killed Gastronok
  8441 | Lair:1   | Reached skill level 10 in Armour
  8597 | Lair:1   | Reached skill level 1 in Invocations
  8636 | Lair:1   | Noticed Amaemon
  8650 | Lair:1   | Killed Amaemon
  8651 | Lair:1   | Reached skill level 15 in Axes
  8758 | Lair:1   | Reached XP level 12. HP: 110/110 MP: 4/12
  8888 | Lair:1   | Noticed Fannar
  8901 | Lair:1   | Killed Fannar
  8980 | Lair:1   | Noticed Joseph
  8990 | Lair:1   | Killed Joseph
  9494 | Lair:2   | Reached skill level 16 in Axes
  9570 | Lair:2   | Reached skill level 10 in Shields
 10217 | Lair:3   | Reached ***** piety under Qazlal
 10252 | Lair:3   | Noticed an eight-headed hydra
 10259 | Lair:3   | Killed an eight-headed hydra
 10459 | Lair:3   | Found a hole to the Spider Nest.
 10495 | Lair:3   | Noticed a death yak
 10498 | Lair:3   | Noticed a death yak
 10500 | Lair:3   | Noticed a death yak
 10503 | Lair:3   | Noticed a death yak
 10505 | Lair:3   | Killed a death yak
 10506 | Lair:3   | Noticed a death yak
 10511 | Lair:3   | Killed a death yak
 10516 | Lair:3   | Killed a death yak
 10517 | Lair:3   | Reached XP level 13. HP: 97/123 MP: 9/13
 10700 | Lair:3   | Reached skill level 17 in Axes
 11024 | Lair:3   | Found a staircase to the Swamp.
 11564 | Lair:4   | Reached skill level 15 in Fighting
 11686 | Lair:4   | Found a staircase to the Slime Pits.
 11686 | Lair:4   | Found a viscous altar of Jiyva.
 12046 | Lair:5   | Entered Level 5 of the Lair of Beasts
 12364 | Lair:5   | Reached skill level 5 in Dodging
 12624 | Lair:5   | Reached XP level 14. HP: 104/138 MP: 10/14
 12646 | Lair:5   | Reached skill level 18 in Axes
 12772 | Lair:5   | Identified the +2 dagger of the Fray {protect, rN+ Str+5
                  | Stlth+}
 12773 | Lair:5   | Identified the +2 flail of the Endless Expanse {holy, Drain
                  | rElec rF+ rCorr}
 13616 | D:4      | Bought the +1 plate armour of the Blizzard {-Tele Rampage
                  | rN++ Stlth+} for 454 gold pieces
 13616 | D:4      | Bought a +0 tower shield for 49 gold pieces
 13814 | D:11     | Reached skill level 5 in Maces & Flails
 14121 | D:11     | Found a runed translucent door.
 14129 | D:11     | Noticed ratmeat3's ghost (journeyman FoFi)
 14764 | D:11     | Killed ratmeat3's ghost
 14909 | D:12     | Reached ****** piety under Qazlal
 15027 | D:12     | Found a staircase to the Orcish Mines.
 16123 | Spider:1 | Entered Level 1 of the Spider Nest
 16610 | Spider:1 | Noticed a broodmother
 16617 | Spider:1 | Killed a broodmother
 17161 | Spider:1 | Noticed a broodmother
 17175 | Spider:1 | Killed a broodmother
 17177 | Spider:1 | Reached XP level 15. HP: 97/149 MP: 11/16
 17979 | Spider:1 | Got a curling book
 18293 | Orc:1    | Entered Level 1 of the Orcish Mines
 18405 | Orc:2    | Entered Level 2 of the Orcish Mines
 18414 | Orc:2    | Reached skill level 15 in Shields
 18458 | Orc:2    | Found a staircase to the Elven Halls.
 18687 | Orc:2    | Found Dikuhasch's General Store.
 18687 | Orc:2    | Found Seshom's Assorted Antiques.
 18693 | Orc:2    | Found Vuem's Armour Shop.
 18749 | Orc:2    | Found Hijatt's Weapon Shoppe.
 19200 | Elf:1    | Entered Level 1 of the Elven Halls
 19382 | Elf:1    | Reached skill level 19 in Axes
 19527 | Elf:1    | Found an ancient bone altar of Kikubaaqudgha.
 19622 | Elf:1    | Paralysed by an air elemental for 1 turns
 19626 | Elf:1    | Paralysed by an air elemental for 1 turns
 19631 | Elf:1    | Paralysed by an air elemental for 1 turns
 20337 | Elf:1    | Got an exquisite book
 20477 | Elf:2    | Paralysed by an air elemental for 1 turns
 20481 | Elf:2    | Paralysed by an air elemental for 1 turns
 20496 | Elf:2    | Slain by a +4 flail of protection

Illustrated notes

Levels and vault maps discovered:
D:1:      sevenhm_arrival_forest_fort_small_3, layout_loops_ring, serial_forest,
          infiniplex_forest_end_1, infiniplex_forest_clump_medium,
          infiniplex_forest_lined_3, infiniplex_forest_lined_1,
          infiniplex_forest_clump_tiny, infiniplex_forest_clump_long
D:2:      layout_basic, basic_altar
D:3:      layout_basic, dreamdust_ecumenical_altar_sealed_demon, serial_shops,
          shop, minmay_misc_feat_square, chequers_serial_rivers_room_b
D:4:      layout_gridville, kennysheep_mini, serial_shops, shop, shop, shop,
          shop, minmay_vboxes
D:5:      layout_basic, uniq_crazy_yiuf_cottage, uniq_pikel
D:6:      layout_basic, trog_antimagical, minmay_temple_entry_large_hall,
          kennysheep_generic_room_14
D:7:      minmay_the_grid_plus_closed [minmay_the_grid_embedded,
          minmay_the_grid_diamond_grid, minmay_the_grid_tree,
          minmay_the_grid_medium_cups, minmay_the_grid_prize_inner_circle],
          layout_loops_ring, uniq_maggie, uniq_menkaure
D:8:      layout_loops_ring, amcnicky_mini_pool_medium
D:9:      layout_roguey, lightli_fourway_metalbox
D:10:     layout_roguey, mainiacjoe_overflow_cross_hatched,
          nicolae_ru_the_path_less_chosen, grunt_lair_entry_orc_guard_hut
D:11:     layout_stronghold, ebering_ghost_reflecting_pool
D:12:     layout_stronghold, erik_orc_4
Temple:   dpeg_five_rooms_temple
Lair:1:   layout_gridlike, uniq_amaemon, uniq_joseph, uniq_fannar,
          uniq_gastronok
Lair:2:   layout_gridlike, beast_lair_carwin_6
Lair:3:   layout_misc_corridors, nicolae_swamp_entry_spooky,
          nicolae_spider_entry_lesser_pyramids
Lair:4:   layout_regular_city, minmay_slime_entry_pillars
Lair:5:   grunt_lair_end_beastmaster, layout_loops_ring
Spider:1: layout_chambers
Orc:1:    layout_diamond_mine
Orc:2:    st_orc_rangers, layout_diamond_mine
Elf:1:    layout_loops_ring, basic_altar, minmay_elf_necromancy,
          minmay_misc_feat_five, grunt_ministairs_2
Elf:2:    elven_hall_of_blades_hangedman_original [mumra_blade_entry_dagger],
          layout_onion_city, st_stairs_11, minmay_misc_feat_columns,
          uniq_norris, uniq_azrael

Skill      XL: |  1  2  3  4  5  6  7  8  9 10 11 12 13 14 15 |
---------------+----------------------------------------------+-----
Shields        | 4 5 6 7 8 9 11 12 14 16 | 16.3
Armour         | 4 5 7 8 10 11 12 13 | 13.7
Fighting       | 4 5 6 7 8 9 11 13 16 17 18 | 18.3
Axes           | 3 4 5 7 8 9 12 13 15 16 17 18 19 | 19.2
Dodging        | 1 2 3 4 5 |  5.8
Throwing       | 1 2 3 |  3.1
Evocations     | 1 |  1.9
Maces & Flails | 2 3 4 5 |  5.5
Invocations    | 1 2 |  2.9

Action                     |  1- 3 |  4- 6 |  7- 9 | 10-12 | 13-15 || total
---------------------------+-------+-------+-------+-------+-------++-------
  Melee: War axe           |    58 |    91 |   161 |   476 |   761 ||  1547
         Headbutt          |     3 |    11 |    27 |   112 |   225 ||   378
         Mace              |       |       |       |    32 |    12 ||    44
         Dire flail        |       |       |       |       |    10 ||    10
         Flail             |       |       |       |       |    31 ||    31
  Throw: Boomerang         |       |     1 |       |     4 |     5 ||    10
         Stone             |       |       |     8 |    27 |       ||    35
 Invoke: Upheaval          |       |       |     1 |     2 |     4 ||     7
  Evoke: Wand              |       |       |     1 |     3 |     5 ||     9
    Use: Potion            |       |     1 |     1 |    10 |     7 ||    19
         Scroll            |       |       |       |    14 |     1 ||    15
   Stab: Distracted        |       |       |       |     1 |       ||     1
         Invisible         |       |       |       |     2 |       ||     2
         Petrified         |       |       |       |       |     8 ||     8
 Armour: Scale mail        |    33 |    36 |    40 |       |       ||   109
         Chain mail        |       |       |    28 |   165 |   153 ||   346
         Plate armour      |       |       |       |       |   240 ||   240
         Steam dragon scal |       |       |       |       |     9 ||     9
         Skin              |       |       |       |       |     6 ||     6
  Dodge: Dodged            |    32 |    61 |    90 |   206 |   334 ||   723
         Repelled          |       |       |       |     1 |     4 ||     5
  Block: Buckler           |     7 |    21 |    41 |   228 |   181 ||   478
         Tower shield      |       |       |       |       |   681 ||   681

Table legend: (Time is in decaauts)
 A = Elapsed time spent in this place.
 B = Non-inter-level travel time spent in this place.
 C = Inter-level travel time spent in this place.
 D = Time resting spent in this place.
 E = Time spent auto-exploring this place.
 F = Levels seen in this place.
 G = Mean time per level.
                   A        B        C        D        E       F      G
               +--------+--------+--------+--------+--------+-----+--------+
         Total |  20308 |  18836 |   1472 |    272 |  15522 |  23 |  883.0 |
       Dungeon |  11103 |  10224 |    879 |      0 |   8575 |  12 |  925.2 |
        Temple |     16 |     11 |      5 |      0 |      0 |   1 |   16.0 |
          Lair |   5012 |   4649 |    363 |      0 |   3867 |   5 | 1002.4 |
   Spider Nest |   2017 |   1933 |     84 |    112 |   1591 |   1 | 2017.0 |
  Orcish Mines |   1052 |    973 |     79 |    160 |    618 |   2 |  526.0 |
   Elven Halls |   1106 |   1047 |     59 |      0 |    871 |   2 |  553.0 |
               +--------+--------+--------+--------+--------+-----+--------+

Top non-repeatable levels by time:
Spider:1: 2017 daAuts
     D:5: 1282 daAuts
  Lair:5: 1222 daAuts
    D:11: 1160 daAuts
    D:12: 1152 daAuts
   Elf:1: 1086 daAuts
     D:7: 990 daAuts
  Lair:4: 987 daAuts
     D:8: 982 daAuts
  Lair:1: 968 daAuts
  Lair:3: 947 daAuts
    D:10: 906 daAuts
  Lair:2: 885 daAuts
     D:6: 878 daAuts
     D:9: 835 daAuts
